Map: Ruins of Seras

Players

TheScurge - Winner!

  • Race: Terran Terran
  • League: Bronze

wabbajack

  • Race: Zerg Zerg
  • League: Bronze

VOD

Have the link to the VOD?

Description

Time

  • Played on: July 16, 2015, 7:08 p.m.
  • Length: 11:53
Show
View Real Time Build Order
Export as new Build Order

TheScurge Terran - Winner!

Build Orders: Reaper Expand 

Get SALT Encoding   

  12  0:07  SCV  
  13  0:19  SCV  
  14  0:22  Supply Depot  
  14  0:31  SCV  
  15  0:44  SCV  
  15  0:47  Barracks  
  16  0:51  Refinery  
  16  0:56  SCV  
  17  1:08  SCV  
  18  1:20  SCV  
  19  1:34  Orbital Command  
  19  1:35  Reaper  
  19  1:36  Supply Depot  
  20  1:58  Command Center  
  20  2:02  SCV  
  20  2:07  Reaper  
  22  2:14  SCV  
  23  2:20  Bunker  
  23  2:27  SCV  
  23  2:28  Barracks  
  24  2:35  Refinery  
  24  2:39  SCV  
  25  2:52  SCV  
  25  2:54  Barracks Tech Lab  
  26  3:04  SCV  
  27  3:10  Orbital Command  
  27  3:14  Stimpack  
  27  3:16  SCV  
  27  3:18  Factory  
  27  3:19  Barracks  
  28  3:23  Supply Depot  
  28  3:28  SCV  
  28  3:29  Barracks Reactor  
  28  3:30  Marine  
  30  3:41  SCV  
  31  3:44  SCV  
  31  3:48  Marine  
  32  3:53  SCV  
  34  3:56  SCV  
  35  4:04  Engineering Bay  
  35  4:05  SCV  
  35  4:07  Supply Depot  
  35  4:08  SCV  
  37  4:14  Factory Reactor, Starport  
  37  4:15  Barracks Reactor  
  37  4:17  SCV  
  37  4:20  SCV  
  39  4:31  SCV  
  40  4:32  SCV  
  40  4:34  Supply Depot  
  40  4:38  Supply Depot  
  40  4:42  Marine  
  40  4:43  SCV, Marauder  
  40  4:45  SCV  
  45  4:52  Refinery  
  45  4:54  Refinery  
  45  4:55  SCV  
  45  4:57  Command Center, SCV  
  47  5:02  Marine  
  47  5:03  Marine  
  47  5:04  Marine x2  
  47  5:05  Marauder  
  53  5:07  SCV  
  53  5:08  Medivac  
  53  5:09  SCV  
  57  5:19  SCV  
  57  5:21  SCV  
  59  5:26  Terran Infantry Weapons Level 1, Marauder  
  59  5:27  Supply Depot, Marine x2  
  59  5:28  Marine x2  
  65  5:31  SCV  
  65  5:32  Factory Reactor  
  65  5:34  SCV  
  67  5:43  SCV, Barracks  
  67  5:45  Reaper, Barracks, Marine  
  67  5:46  SCV, Medivac x2  
  75  5:55  SCV  
  76  6:01  Engineering Bay  
  76  6:03  Missile Turret  
  76  6:09  Missile Turret  
  76  6:11  Supply Depot  
  76  6:12  SCV x2, Supply Depot  
  76  6:15  Marine x2  
  76  6:16  Marauder, Widow Mine, Marine  
  85  6:24  SCV  
  86  6:29  Marine  
  86  6:30  Widow Mine  
  86  6:31  Medivac  
  91  6:33  Marine  
  91  6:35  Orbital Command  
  91  6:37  Marine x2  
  95  6:40  SCV  
  95  6:41  SCV  
  95  6:45  Widow Mine  
  67  7:09  Marine  
  67  7:10  Marauder, Marine x5  
  45  7:27  Marine x2  
  45  7:28  Marine x3  
  44  7:31  Marauder  
  44  7:32  Marine  
  44  7:35  Widow Mine x2, Medivac x2  
  49  7:45  Marine x3  
  49  7:46  Marine  
  49  7:47  Marine  
  49  7:50  SCV  
  55  8:02  Terran Infantry Armor Level 1  
  53  8:10  Bunker  
  53  8:12  SCV x3  
  56  8:20  Marine  
  56  8:21  Marine  
  56  8:24  SCV x3  
  61  8:28  Marine x2  
  61  8:30  Widow Mine  
  61  8:32  Medivac  
  67  8:36  SCV  
  68  8:42  Marine x2  
  68  8:43  Marauder  
  60  9:00  Marine x4  
  60  9:02  Widow Mine x2  
  65  9:23  Marine x4  
  65  9:24  Marauder  
  71  9:31  Widow Mine  
  71  9:37  Marine x2  
  75  9:42  Marine  
  75  9:45  SCV  
  77  10:06  Marauder, Marine x2  
  70  10:25  Marine x2  
  70  10:27  SCV  
  70  10:28  Marauder  
  72  10:43  Marine x3  
  72  10:49  Marauder  
  73  10:54  Marine x2  
  75  10:58  SCV  
  76  11:10  Armory, Marine  
  77  11:11  Widow Mine x2  
  77  11:14  Barracks Tech Lab  
  77  11:15  Barracks Reactor  
  81  11:30  SCV x3  
Show
View Real Time Build Order
Export as new Build Order

wabbajack Zerg 

Build Orders: Hatch First 

Get SALT Encoding   

  12  0:01  Drone  
  13  0:14  Overlord  
  13  0:19  Drone  
  14  0:25  Drone, Extractor  
  15  0:32  Drone  
  16  0:37  Drone  
  17  0:58  Hatchery  
  17  1:01  Drone x2  
  18  1:05  Extractor  
  17  1:18  Spawning Pool  
  17  1:21  Drone  
  17  1:25  Drone  
  18  1:32  Drone  
  19  1:41  Overlord  
  19  1:54  Drone  
  20  2:03  Drone  
  20  2:05  Queen  
  23  2:09  Queen  
  23  2:11  Drone  
  26  2:18  Metabolic Boost  
  26  2:20  Drone  
  27  2:23  Drone  
  27  2:27  Drone  
  29  2:31  Drone  
  29  2:34  Drone  
  31  2:43  Zergling x2  
  32  2:59  Spine Crawler  
  32  3:02  Spine Crawler  
  32  3:05  Spine Crawler  
  29  3:16  Spine Crawler  
  29  3:17  Queen  
  29  3:19  Drone x3  
  33  3:20  Drone  
  33  3:25  Roach Warren  
  33  3:32  Baneling Nest, Pneumatized Carapace  
  32  3:54  Zergling x6  
  32  3:55  Zergling x2  
  36  3:58  Overlord x2  
  36  4:01  Extractor  
  36  4:02  Extractor  
  34  4:04  Zergling x4  
  36  4:44  Lair  
  36  4:46  Baneling x2  
  36  4:49  Baneling x2  
  36  4:55  Drone x2  
  36  4:56  Drone x2  
  36  4:57  Drone  
  36  4:58  Drone x2  
  36  4:59  Overlord  
  43  5:00  Overlord x2  
  43  5:24  Roach  
  43  5:25  Roach x7  
  59  5:36  Roach  
  61  5:43  Roach x3  
  67  5:52  Overlord  
  67  6:02  Overlord  
  67  6:06  Zergling x2  
  67  6:07  Zergling x12  
  74  6:24  Zergling x2  
  74  6:25  Zergling x8  
  79  6:29  Ravager  
  79  6:30  Ravager x2  
  79  6:32  Hatchery  
  41  7:37  Overlord  
  41  7:42  Roach x3  
  41  7:43  Hydralisk Den, Roach x10  
  64  7:44  Evolution Chamber, Overlord  
  64  7:47  Overlord  
  63  8:04  Drone x3  
  63  8:05  Drone x2  
  68  8:11  Zergling x6  
  71  8:19  Lurker Den  
  71  8:25  Zergling x2  
  71  8:26  Zergling x6  
  75  8:37  Drone x3, Extractor  
  53  9:06  Baneling x2  
  53  9:09  Baneling x2  
  43  9:34  Zergling x2  
  43  9:35  Zergling x30  
  59  9:49  Zerg Missile Weapons Level 1  
  59  9:51  Muscular Augments  
  40  10:11  Roach x4  
  40  10:12  Hydralisk x3  
  40  10:13  Hydralisk x4  
  46  10:57  Hydralisk x2  
  46  10:59  Lurker  
  51  11:20  Hatchery  
  50  11:28  Hatchery  
Tags
 
Add a new tag
Caveats
  • Supply blocks, unpowered buildings, or Contaminate may cause inaccurate times.
  • Supply counts are checked every 10 seconds.